 Dungeon Crawl Stone Soup version 0.17.0-26-gececa24 (webtiles) character file.

141 Oni the Shield-Bearer (level 5, 0/41 HPs)
             Began as a Demonspawn Fighter on Nov 19, 2015.
             Killed by nerve-wracking pain
             ... invoked by Grinder
              (2 damage)
             ... while paralysed by Grinder
             ... on level 3 of the Dungeon.
             The game lasted 00:19:50 (2930 turns).

Oni the Shield-Bearer (Demonspawn Fighter)          Turns: 2930, Time: 00:19:50

Health: 0/41       AC: 12    Str: 18    XL:     5   Next: 3%
Magic:  5/5        EV:  2    Int:  9    God:
Gold:   130        SH:  0    Dex: 14    Spells: 0 memorised, 4 levels left

rFire  . . .     SeeInvis .     a - +0 long sword
rCold  . . .     Clarity  .     b - +0 scale mail
rNeg   . . .     SustAt   +     c - +0 shield
rPois  .         Gourm    +     (no helmet)
rElec  .         Spirit   .     (no cloak)
rCorr  .         Warding  .     l - +0 pair of gloves
rMut   .         Stasis   .     (no boots)
MR     .....                    k - amulet of the gourmand
Stlth  ..........               j - +2 ring of dexterity
                                h - ring of sustain attributes

@: paralysed, not resistant to hostile enchantments, extremely unstealthy
A: hooves 1, iridescent scales 1, spiny 1
a: no special abilities


You were on level 3 of the Dungeon.
You were very full.

You visited 1 branch of the dungeon, and saw 3 of its levels.

You collected 130 gold pieces.

Inventory:

Hand Weapons
 a - a +0 long sword (weapon)
Armour
 b - a +0 scale mail (worn)
 c - a +0 shield (worn)
 l - a +0 pair of gloves (worn)
Jewellery
 h - a ring of sustain attributes (left hand)
 i - an uncursed amulet of clarity {unknown}
 j - a +2 ring of dexterity (right hand)
 k - an amulet of the gourmand (around neck)
Scrolls
 f - a scroll of magic mapping
 g - 2 scrolls of teleportation
 o - a scroll of random uselessness {unknown}
Potions
 d - a potion of might
 m - a potion of flight {unknown}
 n - a potion of brilliance {unknown}
Comestibles
 e - 2 bread rations


   Skills:
 + Level 3.4 Fighting
 + Level 2.2 Long Blades
 + Level 3.3 Armour
 + Level 2.1 Dodging
 + Level 3.5 Shields


You had 4 spell levels left.
You didn't know any spells.

Dungeon Overview and Level Annotations

Branches:
Dungeon (3/15)

Altars:
Elyvilon
Nemelex Xobeh
Okawaru
Qazlal
Ru

Annotations:
D:3 Grinder


Innate Abilities, Weirdness & Mutations

You have large cloven feet.
You are partially covered in iridescent scales (AC +4).
You are partially covered in sharp spines.


Message History

Grinder is heavily wounded.
Grinder hits you.
* * * LOW HITPOINT WARNING * * *
You writhe in agony.
* * * LOW HITPOINT WARNING * * *
Grinder gestures at you.
You suddenly lose the ability to move!
Grinder hits you but does no damage. Grinder hits you.
* * * LOW HITPOINT WARNING * * *
You writhe in agony.
* * * LOW HITPOINT WARNING * * *
Grinder says, "My boss said I was rubbish.
His entrails said otherwise."
Grinder is struck by your spines. Grinder hits you but does no damage.
Grinder gestures at you. You resist with significant effort.
Grinder is struck by your spines. Grinder hits you but does no damage.
Grinder gestures at you. Pain shoots through your body!
You die...

..# #.......... #.#
#.#.#.......... #.#
#.#............
#.########.#<..##.......
.....))....##### .....
#.########.#.# .... #.#
#........# ..#
..###.####...####..#.##.
................@[......
..###.####.#.#.##5..###.
#.###.####.#.#.#......#
#.......##.#...#.#....#
....#.#.##.#...#.#....#
......#....#...#.#....#
....########.#.#.# ...#
....<........#...# ...#
#####.########...#


You could see Grinder.

Vanquished Creatures
  Ijyb (D:3)
  A hound skeleton (D:3)
  2 adders (D:2)
  4 gnolls (D:3)
  2 worms (D:2)
  2 giant geckos (D:2)
  3 bats (D:1)
  2 giant cockroaches
  7 hobgoblins
  4 kobolds
  2 giant newts (D:1)
  4 goblins
  A quokka (D:3)
  6 rats
41 creatures vanquished.

Vanquished Creatures (others)
  A kobold (D:1)
1 creature vanquished.

Grand Total: 42 creatures vanquished

Notes
Turn   | Place    | Note
--------------------------------------------------------------
     0 | D:1      | Oni the Demonspawn Fighter began the quest for the Orb.
     0 | D:1      | Reached XP level 1. HP: 18/18 MP: 1/1
   327 | D:1      | Gained mutation: You have large cloven feet. [demonic ancestry]
   327 | D:1      | Reached XP level 2. HP: 9/24 MP: 2/2
  1220 | D:2      | Reached skill level 1 in Dodging
  1220 | D:2      | Gained mutation: You are partially covered in iridescent scales (AC +4). [demonic ancestry]
  1220 | D:2      | Reached XP level 3. HP: 18/29 MP: 3/3
  1738 | D:2      | Found a stormy altar of Qazlal.
  1743 | D:2      | Found a white marble altar of Elyvilon.
  1745 | D:2      | Found a sparkling altar of Nemelex Xobeh.
  1748 | D:2      | Found a sacrificial altar of Ru.
  1847 | D:2      | Found an iron altar of Okawaru.
  2259 | D:3      | Reached XP level 4. HP: 15/35 MP: 4/4
  2882 | D:3      | Noticed Ijyb
  2895 | D:3      | Noticed Grinder
  2895 | D:3      | Killed Ijyb
  2895 | D:3      | Gained mutation: You are partially covered in sharp spines. [demonic ancestry]
  2895 | D:3      | Reached XP level 5. HP: 35/41 MP: 5/5
  2896 | D:3      | Paralysed by Grinder for 6 turns
  2924 | D:3      | Paralysed by Grinder for 7 turns
  2926 | D:3      | HP: 1/41 [Grinder (2)]
  2930 | D:3      | Killed from afar by Grinder

Action                   |  1- 3 |  4- 6 || total
-------------------------+-------+-------++-------
Melee: Long sword        |   164 |    60 ||   224
  Use: Scroll            |     6 |       ||     6
       Potion            |     1 |       ||     1
  Eat: Chunk             |     1 |       ||     1
       Bread ration      |     1 |     2 ||     3
